Map: [ESL] Alcyone

Players

Clem - Winner!

  • Race: Terran Terran
  • Spawn Location: 7:00

Bly

  • Race: Zerg Zerg
  • Spawn Location: 1:00

Event: ESL SC2 Masters 2024 Spring (Regional)

VOD

Have the link to the VOD?

Description

Time

  • Played on: April 25, 2024, 1:15 p.m.
  • Length: 30:14

All games in this series

Show
View Real Time Build Order
Export as new Build Order

Clem Terran - Winner!

Build Orders: Cyclone Opening, Gas First Reaper Expand 

Get SALT Encoding   

  12  0:00  SCV  
  13  0:12  SCV  
  14  0:16  Supply Depot  
  14  0:24  SCV  
  14  0:27  Refinery  
  15  0:38  SCV  
  16  0:42  Barracks  
  16  0:50  SCV  
  17  1:02  SCV  
  18  1:14  SCV  
  19  1:30  Orbital Command, Reaper  
  20  1:43  Command Center  
  20  1:54  Factory  
  20  1:58  SCV  
  21  2:05  Barracks Reactor  
  21  2:10  SCV  
  21  2:13  Supply Depot  
  22  2:18  Bunker  
  22  2:22  SCV  
  23  2:34  SCV  
  24  2:37  Bunker  
  24  2:39  Cyclone  
  24  2:43  Marine  
  27  2:44  Marine  
  28  2:55  Orbital Command  
  28  2:58  SCV  
  28  3:01  Marine  
  28  3:02  Marine  
  31  3:12  Cyclone  
  34  3:15  Barracks  
  34  3:19  Marine  
  34  3:20  Marine  
  34  3:25  SCV x2  
  37  3:37  Marine  
  37  3:38  Marine  
  37  3:40  Supply Depot  
  39  3:42  SCV x2  
  41  3:48  Factory Tech Lab  
  41  3:55  Bunker, Marine  
  42  3:56  Marine  
  42  4:00  SCV x2  
  45  4:03  Marine  
  45  4:05  Supply Depot  
  45  4:09  Siege Tank  
  49  4:13  Marine  
  50  4:17  SCV x2  
  50  4:19  Marine  
  53  4:26  Marine  
  53  4:30  Supply Depot  
  54  4:31  SCV  
  54  4:32  SCV  
  54  4:33  Marine  
  57  4:41  Siege Tank, Marine  
  57  4:44  Marine  
  62  4:51  SCV x2  
  62  4:52  Supply Depot  
  63  4:55  Supply Depot  
  63  4:58  Marine  
  64  5:03  SCV, Refinery  
  64  5:04  SCV, Marine  
  64  5:05  Supply Depot  
  67  5:08  Barracks Tech Lab  
  67  5:11  Barracks  
  67  5:15  SCV  
  67  5:16  SCV  
  67  5:17  Marine  
  67  5:21  Siege Tank, Marine  
  73  5:26  Supply Depot  
  73  5:27  SCV, Marine  
  73  5:28  SCV  
  77  5:34  Marine  
  78  5:40  Command Center  
  78  5:41  SCV  
  78  5:42  SCV  
  80  5:46  Refinery  
  80  5:47  Supply Depot  
  80  5:50  Marine  
  80  5:52  Stimpack  
  80  5:53  SCV  
  80  5:55  SCV  
  83  6:03  Supply Depot  
  83  6:06  SCV  
  83  6:07  SCV, Marine  
  86  6:12  Siege Tank  
  86  6:16  Supply Depot  
  86  6:18  SCV  
  90  6:19  SCV, Barracks Reactor  
  90  6:20  Marine  
  90  6:24  Refinery  
  92  6:25  Supply Depot  
  92  6:30  SCV, Supply Depot  
  92  6:31  SCV  
  94  6:33  Starport  
  94  6:40  Engineering Bay x2  
  94  6:42  SCV  
  94  6:44  SCV, Marine x3  
  99  6:53  Siege Tank  
  102  6:54  SCV, Orbital Command  
  102  6:56  SCV  
  102  6:57  Marine x2  
  106  7:04  Marine x2  
  106  7:06  SCV  
  106  7:07  Terran Infantry Weapons Level 1, Terran Infantry Armor Level 1, Supply Depot  
  109  7:11  Starport Reactor  
  109  7:14  SCV  
  109  7:15  Marine  
  111  7:18  Marine  
  111  7:19  Marine  
  113  7:28  SCV x2, Barracks  
  115  7:30  Siege Tank, Barracks, Marine x2  
  115  7:31  Missile Turret  
  115  7:32  Marine  
  115  7:35  Marine  
  122  7:39  Marine  
  122  7:40  SCV  
  122  7:43  SCV  
  123  7:48  Marine x2  
  123  7:50  Medivac x2, Marine  
  130  7:52  SCV  
  130  7:54  Combat Shield  
  130  7:55  SCV  
  132  8:01  Marine  
  132  8:02  Supply Depot  
  132  8:04  SCV  
  134  8:05  Marine  
  134  8:07  SCV, Orbital Command  
  134  8:09  Siege Tank  
  138  8:14  Missile Turret  
  138  8:16  SCV  
  138  8:18  Barracks Tech Lab  
  139  8:21  SCV  
  139  8:22  Marine  
  139  8:24  Marine  
  139  8:25  Barracks Tech Lab, Marauder  
  144  8:29  Armory  
  144  8:34  Medivac  
  144  8:35  Medivac  
  144  8:36  Marine x2  
  144  8:37  Marine  
  150  8:41  Refinery  
  150  8:43  Refinery  
  150  8:45  Marine  
  151  8:50  Marauder  
  153  9:00  Concussive Shells, Marauder  
  153  9:01  Marine  
  154  9:03  Siege Tank  
  154  9:05  Marine  
  154  9:06  Supply Depot  
  154  9:07  Medivac, Supply Depot, Marine  
  154  9:08  Supply Depot, Marauder  
  161  9:14  Supply Depot, Marine  
  161  9:15  Medivac  
  164  9:20  Command Center  
  164  9:28  Marauder  
  164  9:29  Terran Infantry Weapons Level 2  
  166  9:32  Marauder x2  
  166  9:33  Marine x2  
  166  9:36  Terran Infantry Armor Level 2  
  172  9:42  Marine  
  173  9:46  Marine  
  173  9:49  Marauder  
  173  9:50  Marine  
  173  9:51  Siege Tank  
  180  9:56  Supply Depot  
  180  9:57  Factory  
  180  9:58  Viking  
  181  10:00  Viking  
  181  10:04  Missile Turret  
  184  10:07  Marine, Marauder  
  184  10:08  Marauder  
  184  10:11  SCV  
  188  10:15  Ghost Academy, Terran Vehicle Weapons Level 1  
  188  10:17  SCV  
  188  10:19  SCV  
  190  10:23  SCV  
  190  10:25  Siege Tank  
  192  10:28  Marine  
  192  10:29  SCV  
  190  10:41  Command Center  
  190  10:44  Marauder  
  190  10:48  Sensor Tower  
  192  10:51  Missile Turret  
  192  10:55  Ghost  
  194  10:57  Factory Tech Lab, Siege Tank  
  194  10:58  Viking  
  199  11:08  Refinery  
  199  11:09  Refinery  
  200  11:11  SCV  
  200  11:13  Ghost  
  200  11:15  SCV, Planetary Fortress  
  199  11:24  Command Center  
  199  11:55  Terran Infantry Weapons Level 3, Terran Infantry Armor Level 3, Command Center  
  199  11:56  Command Center  
  199  12:04  Orbital Command  
  199  12:14  Command Center  
  199  12:15  Missile Turret  
  199  12:18  Missile Turret  
  199  12:21  Terran Vehicle Weapons Level 2, Command Center  
  181  12:25  Ghost  
  181  12:28  Ghost  
  185  12:32  Siege Tank  
  185  12:36  Siege Tank  
  191  12:39  Marine x2  
  191  12:40  Marine x2  
  195  12:46  Sensor Tower  
  195  12:48  Ghost  
  197  12:52  Starport  
  197  12:56  Fusion Core  
  197  13:01  Armory  
  197  13:11  Planetary Fortress  
  197  13:13  Siege Tank  
  197  13:19  Ghost x2  
  189  13:26  Ghost  
  189  13:28  Siege Tank  
  189  13:32  SCV x2  
  174  13:37  SCV  
  174  13:40  Marine x4  
  150  13:42  SCV x2  
  150  13:45  Siege Tank  
  150  13:47  Ghost x2  
  159  13:49  Sensor Tower  
  159  13:52  Orbital Command  
  159  13:54  Ghost  
  161  13:56  Orbital Command  
  161  13:57  Marine  
  161  13:58  Sensor Tower, Marine  
  161  14:00  Siege Tank  
  166  14:05  Liberator  
  166  14:09  Unknown  
  169  14:10  Orbital Command  
  169  14:11  SCV  
  169  14:12  SCV  
  169  14:13  SCV  
  169  14:14  SCV  
  169  14:15  SCV x2  
  169  14:16  SCV, Ghost  
  178  14:18  SCV  
  178  14:21  SCV  
  178  14:23  SCV  
  181  14:24  SCV  
  181  14:25  SCV  
  181  14:26  SCV, Siege Tank  
  181  14:28  Terran Vehicle And Ship Armor Level 1  
  187  14:32  SCV  
  187  14:34  Viking  
  187  14:36  Starport Reactor  
  187  14:37  SCV, Advanced Ballistics  
  191  14:39  SCV  
  191  14:41  Ghost  
  191  14:42  SCV  
  191  14:44  Ghost  
  197  14:50  Ghost, Orbital Command  
  199  14:55  Terran Vehicle Weapons Level 3  
  190  15:04  Siege Tank  
  190  15:05  Missile Turret  
  193  15:09  Ghost  
  193  15:13  Command Center  
  195  15:16  Ghost  
  195  15:17  Marine x2  
  199  15:27  Neosteel Armor  
  199  15:42  Command Center  
  199  15:46  Siege Tank, Ghost x2  
  199  15:49  Caduceus Reactor  
  199  15:54  Command Center  
  199  15:56  Command Center  
  199  15:59  Command Center  
  199  16:11  Starport  
  199  16:13  Ghost  
  199  16:15  Liberator x3, Ghost  
  200  16:19  Personal Cloaking  
  200  16:25  Ghost  
  189  16:26  Orbital Command  
  189  16:27  SCV  
  189  16:31  SCV  
  176  16:40  SCV  
  176  16:41  Liberator  
  176  16:42  Ghost  
  176  16:43  Ghost  
  176  16:44  Sensor Tower  
  176  16:45  SCV  
  185  16:50  SCV, Orbital Command  
  186  16:56  Siege Tank  
  189  17:02  Liberator  
  189  17:04  Terran Vehicle And Ship Armor Level 2  
  191  17:14  Missile Turret  
  191  17:16  Orbital Command x2  
  191  17:27  Missile Turret x2  
  191  17:29  Missile Turret  
  191  17:36  Siege Tank, Ghost x2  
  198  17:50  Starport Reactor  
  198  18:00  Sensor Tower  
  198  18:03  Orbital Command  
  194  18:09  Ghost  
  177  18:13  Ghost x2  
  177  18:14  Liberator x2  
  177  18:16  Liberator  
  177  18:17  SCV x2  
  164  18:28  Liberator  
  164  18:33  Marine x3  
  170  18:36  SCV  
  170  18:37  SCV, Ghost  
  170  18:38  SCV x3  
  170  18:39  SCV  
  178  18:41  Ghost x2  
  178  18:43  Siege Tank  
  178  18:45  SCV  
  178  18:47  Command Center, Missile Turret  
  186  18:49  SCV  
  186  18:52  Planetary Fortress  
  186  18:53  SCV  
  188  18:59  Siege Tank  
  179  19:04  SCV  
  179  19:06  SCV, Ghost  
  179  19:09  SCV  
  178  19:10  Liberator, Ghost, Orbital Command  
  178  19:15  Cyclone  
  183  19:17  SCV x2  
  183  19:22  Ghost, Refinery  
  183  19:23  Refinery, Marine x3  
  190  19:24  Marine  
  190  19:25  SCV  
  190  19:26  SCV x3  
  190  19:30  SCV x2  
  197  19:31  Siege Tank  
  200  19:43  Ghost  
  200  19:44  Ghost  
  196  19:51  Ghost  
  158  20:02  Liberator  
  158  20:05  SCV x2  
  157  20:11  Ghost  
  157  20:12  Ghost  
  157  20:14  Marine, Orbital Command  
  157  20:15  Marine  
  157  20:16  Marine x2  
  157  20:17  SCV  
  157  20:19  SCV, Ghost  
  157  20:20  SCV  
  160  20:24  SCV  
  161  20:30  Orbital Command  
  161  20:31  Medivac, Siege Tank  
  161  20:32  Marine  
  161  20:33  Command Center  
  167  20:37  SCV x5  
  167  20:38  Refinery  
  167  20:40  Ghost  
  167  20:41  Ghost  
  176  20:45  Refinery  
  176  20:49  SCV x2  
  178  20:50  SCV x3  
  178  20:52  Sensor Tower, Missile Turret  
  178  20:53  SCV  
  178  20:56  SCV  
  183  21:08  Factory Tech Lab  
  183  21:09  Viking x4  
  183  21:10  Viking  
  190  21:15  Missile Turret  
  190  21:29  Command Center  
  190  21:37  Liberator  
  193  21:53  Missile Turret  
  193  21:54  Missile Turret, Viking  
  193  21:56  Refinery  
  193  21:57  Refinery, Viking  
  197  22:01  Missile Turret  
  197  22:05  Viking  
  199  22:31  Command Center  
  199  22:34  Terran Vehicle And Ship Armor Level 3, Terran Ship Weapons Level 1  
  199  22:40  Planetary Fortress  
  199  22:58  Liberator  
  198  23:18  Viking  
  198  23:26  Missile Turret  
  198  23:27  Missile Turret  
  198  23:29  Command Center, Viking  
  198  23:33  Missile Turret  
  200  23:34  Missile Turret  
  200  23:41  Missile Turret  
  200  23:42  Missile Turret  
  200  23:44  Missile Turret  
  196  24:08  Ghost  
  196  24:13  Ghost  
  194  24:21  Liberator  
  191  24:26  Liberator  
  191  24:29  Liberator  
  191  24:39  Planetary Fortress  
  191  24:52  Orbital Command  
  191  24:58  Missile Turret  
  191  25:00  Refinery  
  191  25:01  Missile Turret  
  184  25:18  Missile Turret x3  
  184  25:19  Ghost x3  
  190  25:27  Refinery  
  190  25:28  Planetary Fortress  
  190  25:31  Liberator  
  193  25:40  Missile Turret x3  
  193  25:42  Missile Turret  
  193  25:45  Missile Turret  
  193  25:47  Ghost, Missile Turret  
  195  25:55  Terran Ship Weapons Level 2  
  195  25:58  Ghost x2  
  199  26:07  Missile Turret  
  199  26:08  Missile Turret  
  199  26:12  Missile Turret x4  
  199  26:36  Command Center  
  199  26:37  Missile Turret  
  197  27:08  Command Center, Viking  
  197  27:10  Missile Turret  
  199  27:35  Hi-Sec Auto Tracking  
  197  27:47  Command Center  
  195  28:05  Ghost  
  197  28:15  Ghost x2  
  195  28:22  Orbital Command  
  195  28:23  Liberator, Viking  
  195  28:26  Liberator  
  198  28:31  Liberator  
  195  28:36  Ghost  
  195  28:37  Liberator  
  191  28:49  Ghost  
  191  28:51  Viking  
  191  28:52  Ghost  
  191  28:53  Viking  
  191  29:02  Marine x4  
  189  29:04  Ghost  
  189  29:06  Viking  
  189  29:09  Viking  
  191  29:14  Viking  
  191  29:18  Ghost  
  191  29:20  Viking  
  191  29:21  Ghost  
  197  29:28  Viking  
  197  29:43  Ghost  
Show
View Real Time Build Order
Export as new Build Order

Bly Zerg 

Build Orders: Hatch First 

Get SALT Encoding   

  12  0:00  Drone  
  13  0:14  Overlord  
  13  0:18  Drone  
  14  0:32  Drone x2  
  16  0:51  Hatchery  
  16  0:55  Drone  
  16  0:59  Drone  
  16  1:01  Drone  
  18  1:14  Extractor  
  18  1:16  Spawning Pool  
  16  1:19  Drone  
  16  1:22  Drone  
  18  1:29  Drone  
  19  1:40  Drone  
  20  1:53  Drone  
  21  1:54  Extractor  
  20  2:03  Queen  
  20  2:04  Queen  
  20  2:07  Roach Warren, Drone  
  24  2:09  Drone  
  24  2:13  Drone  
  26  2:23  Overlord  
  26  2:39  Overlord  
  25  2:47  Roach x3  
  25  2:51  Queen  
  33  3:02  Roach  
  33  3:04  Overlord  
  35  3:09  Ravager x2  
  37  3:16  Ravager  
  37  3:18  Drone  
  39  3:21  Drone x4  
  39  3:25  Ravager  
  39  3:26  Drone  
  45  3:40  Roach x2  
  49  3:45  Overlord  
  49  4:05  Roach x2  
  49  4:07  Roach  
  49  4:09  Overlord  
  55  4:17  Drone  
  56  4:21  Metabolic Boost  
  56  4:28  Drone x3, Queen  
  56  4:29  Drone x3  
  64  4:41  Overlord  
  64  4:43  Drone  
  65  4:48  Drone  
  65  4:50  Drone  
  65  4:51  Drone  
  68  4:54  Overlord  
  68  4:59  Spore Crawler  
  67  5:01  Hatchery  
  66  5:12  Drone x6  
  72  5:22  Ravager  
  71  5:29  Lair  
  71  5:34  Roach x3  
  74  5:37  Ravager x3  
  77  5:50  Evolution Chamber  
  77  5:51  Evolution Chamber, Drone x3  
  78  6:08  Drone x6  
  84  6:20  Zerg Ground Armor Level 1, Zerg Missile Weapons Level 1  
  84  6:31  Overlord, Queen  
  84  6:32  Overlord x2  
  86  6:33  Overlord x2  
  86  6:45  Hatchery  
  86  6:46  Roach x2  
  89  6:48  Overlord x3  
  89  6:59  Roach x2  
  89  7:00  Roach x2  
  97  7:10  Drone x3  
  97  7:12  Glial Reconstitution  
  100  7:22  Overlord  
  100  7:23  Drone  
  100  7:24  Drone x4  
  100  7:26  Extractor  
  100  7:27  Extractor  
  103  7:31  Hatchery  
  99  7:37  Overlord  
  99  7:49  Burrow  
  99  8:02  Roach x4  
  107  8:10  Drone x11  
  114  8:20  Zerg Melee Weapons Level 1  
  114  8:21  Zergling x4  
  114  8:22  Zergling x16  
  124  8:28  Zerg Ground Armor Level 2  
  124  8:30  Zergling x8  
  124  8:31  Tunneling Claws  
  124  8:33  Extractor  
  127  8:43  Overseer  
  127  8:47  Extractor x2, Drone x6  
  131  8:54  Baneling Nest  
  130  9:00  Hatchery  
  129  9:12  Drone x2  
  131  9:21  Zergling x2  
  131  9:22  Roach x12  
  155  9:37  Drone x2  
  157  9:39  Centrifugal Hooks  
  157  9:40  Zergling x10  
  157  9:54  Hatchery  
  157  9:59  Zergling x2  
  157  10:00  Zergling x6  
  157  10:01  Overlord x4  
  157  10:05  Roach x18  
  157  10:06  Roach x20  
  152  10:21  Hatchery  
  139  10:31  Zergling x36  
  139  10:32  Zergling x8  
  139  10:33  Baneling x10  
  139  10:34  Baneling x17  
  133  10:37  Zergling x2  
  133  10:39  Zerg Melee Weapons Level 2  
  132  10:48  Zergling x10  
  137  10:51  Infestation Pit  
  137  10:52  Baneling x15  
  137  10:53  Baneling x2  
  137  11:05  Zergling x6  
  137  11:06  Zergling x16  
  137  11:09  Overlord  
  144  11:20  Drone  
  144  11:21  Drone x8  
  153  11:31  Hive  
  153  11:32  Infestor x2  
  151  11:33  Zergling x12  
  151  11:35  Hatchery  
  160  11:43  Zergling x6  
  160  11:44  Zergling x16  
  166  11:51  Hatchery  
  163  11:59  Zergling x22  
  174  12:03  Drone x3  
  175  12:14  Drone x11  
  186  12:17  Spore Crawler, Extractor x2  
  186  12:18  Spore Crawler  
  179  12:35  Drone x5  
  179  12:36  Extractor  
  183  12:40  Spire  
  182  12:44  Ultralisk Cavern, Zerg Ground Armor Level 3  
  182  12:45  Adrenal Glands  
  182  12:46  Zergling x2  
  182  12:47  Zergling x32  
  198  13:07  Drone  
  198  13:10  Overlord  
  134  13:38  Zergling x12, Ultralisk x7  
  134  13:39  Zergling x20  
  176  13:50  Zerg Melee Weapons Level 3  
  176  13:51  Zergling x16  
  184  13:57  Spine Crawler  
  184  14:01  Zergling x12  
  183  14:07  Hatchery  
  183  14:09  Overseer  
  182  14:10  Overseer, Pneumatized Carapace  
  182  14:11  Chitinous Plating  
  182  14:14  Infestor  
  182  14:15  Infestor x2  
  185  14:54  Zergling x30  
  185  14:55  Queen  
  200  15:08  Baneling x23  
  200  15:21  Greater Spire  
  200  15:24  Zerg Missile Weapons Level 2  
  199  15:29  Baneling x21  
  199  15:44  Extractor  
  199  15:45  Extractor  
  196  15:50  Zergling x8  
  196  15:55  Spore Crawler  
  191  16:23  Hatchery  
  166  16:28  Zergling x44  
  166  16:29  Zergling x12  
  153  16:44  Ultralisk x9  
  153  16:45  Zergling x2  
  199  16:47  Anabolic Synthesis  
  199  16:48  Overseer  
  199  16:49  Overseer x2  
  199  16:56  Extractor  
  199  16:59  Baneling x18  
  198  17:08  Unknown  
  197  17:16  Zergling x4  
  197  17:18  Overseer  
  197  17:19  Overlord x2  
  197  17:20  Zerg Flyer Weapons Level 1  
  199  17:37  Spore Crawler  
  198  17:57  Zergling x4  
  171  18:18  Ultralisk x7  
  182  18:22  Zergling x2  
  182  18:23  Zergling x34  
  179  18:27  Overseer  
  179  18:30  Infestor  
  179  18:31  Overlord x2, Ultralisk x2  
  191  18:39  Overseer  
  191  18:40  Overseer x5  
  191  18:41  Zergling x14  
  193  18:59  Hatchery  
  181  19:05  Zergling x36  
  196  19:12  Baneling x14  
  195  19:19  Zergling x12  
  199  19:33  Overlord  
  181  19:48  Zergling x14  
  181  19:49  Zergling x30  
  148  20:01  Corruptor x9  
  135  20:17  Corruptor x9  
  125  20:28  Overseer x4  
  125  20:32  Infestor x4  
  133  20:39  Drone  
  133  20:40  Drone x6  
  133  20:41  Drone  
  141  20:48  Baneling  
  141  20:49  Baneling x6  
  141  20:55  Zerg Flyer Armor Level 1  
  141  20:58  Infestor  
  141  20:59  Infestor  
  145  21:10  Drone x3  
  148  21:16  Zergling x4  
  150  21:24  Infestor x2  
  150  21:25  Infestor x2  
  154  21:34  Hatchery  
  154  21:37  Drone x3  
  154  21:38  Drone  
  154  21:39  Drone  
  160  21:40  Drone x2  
  160  21:50  Ultralisk x3  
  174  22:00  Overseer x3  
  172  22:03  Ultralisk x2  
  172  22:06  Baneling x8  
  184  22:31  Ultralisk x2  
  184  22:33  Zergling x8, Drone  
  199  22:49  Hatchery  
  195  23:01  Overseer  
  195  23:08  Drone  
  195  23:09  Drone x2  
  198  23:13  Zergling x4  
  197  23:21  Viper  
  197  23:26  Extractor  
  199  23:30  Spore Crawler  
  198  23:46  Hatchery  
  182  24:06  Zerg Flyer Armor Level 2  
  172  24:13  Zergling x2  
  172  24:14  Zergling x62  
  180  24:27  Corruptor x7  
  180  24:29  Overlord  
  186  24:47  Hatchery  
  158  25:17  Overlord x3, Hatchery  
  158  25:19  Zergling x34  
  174  25:27  Viper x2  
  180  25:30  Overlord  
  180  25:36  Zergling x2  
  181  25:45  Baneling x9  
  181  25:46  Baneling x3  
  181  25:52  Overseer  
  181  26:03  Zergling x22  
  181  26:04  Zergling x14  
  197  26:22  Unknown  
  194  26:43  Zergling x12  
  147  27:13  Brood Lord  
  147  27:14  Corruptor, Brood Lord x17  
  147  27:15  Corruptor x7  
  199  27:26  Zergling x2  
  198  27:35  Spore Crawler  
  198  27:36  Spore Crawler  
  190  27:46  Infestor x3  
  190  27:47  Zergling x6  
  199  28:04  Corruptor  
  181  28:22  Zergling x30  
  185  28:36  Zergling x10  
  185  28:37  Zergling x12, Overlord  
  132  28:55  Zergling x2  
  132  28:56  Zergling x20  
  115  29:08  Ultralisk  
  115  29:09  Ultralisk  
  117  29:10  Zergling x6  
  117  29:11  Overlord x4  
  103  29:18  Zergling x4  
  103  29:19  Zergling x2  
  103  29:20  Overseer x4  
  103  29:28  Extractor  
  90  29:39  Corruptor x2  
  90  29:40  Corruptor x2  
  92  29:47  Zergling x22  
  111  29:53  Baneling x2  
  111  29:57  Zergling x10  
Tags
 
Add a new tag
Caveats
  • Supply blocks, unpowered buildings, or Contaminate may cause inaccurate times.
  • Supply counts are checked every 10 seconds.